 Dungeon Crawl Stone Soup version 0.30-a0-1160-g6e42c06551 (webtiles) character file.

Game seed: 4165464119960207836

686 Jeffwins the Shooter (level 7, -1/54 HPs)
             Began as a Human Wanderer on Apr 26, 2023.
             Succumbed to an orc wizard's poison
             ... on level 5 of the Dungeon.
             The game lasted 00:06:18 (4283 turns).

Jeffwins the Shooter (Human Wanderer)               Turns: 4283, Time: 00:06:18

Health: -1/54      AC: 10    Str: 11    XL:     7   Next: 94%
Magic:  8/8        EV: 10    Int: 17    God:
Gold:   207        SH:  0    Dex: 11    Spells: 7/8 levels left

rFire   . . .        c - +2 dagger (venom)
rCold   . . .        (no shield)
rNeg    + . .        m - +3 ring mail
rPois   .            (no helmet)
rElec   .            (no cloak)
rCorr   .            s - +0 pair of gloves
SInv    .            y - +0 pair of boots
Will    .....        (no amulet)
Stlth   ++           N - ring of positive energy
HPRegen 0.29/turn    (no ring)
MPRegen 0.11/turn

%: no passive effects
@: lethally poisoned (-1 -> -28), hasted, very quick
A: no striking features
a: no special abilities


You were on level 5 of the Dungeon.
You visited 1 branch of the dungeon, and saw 5 of its levels.
You also visited: Sewer.

You collected 207 gold pieces.


   Skills:
 + Level 4.1 Fighting
 * Level 6.1 Ranged Weapons
 + Level 2.3 Throwing
 - Level 2.0 Dodging
 + Level 3.7 Stealth
 - Level 1.0 Spellcasting
 - Level 2.0 Translocations
 + Level 1.3 Evocations


You had 7 spell levels left.
You knew the following spells:

 Your Spells              Type           Power      Damage    Failure   Level
a - Apportation           Tloc           14%        N/A       22%         1

Your spell library contained the following spells:

 Spells                   Type           Power      Damage    Failure   Level
 Vhi's Electric Charge    Tloc/Air       8%         N/A       71%         3
 Iskenderun's Battlesphe  Conj           0%         2d6       100%        5
 Iron Shot                Conj/Erth      0%         9d1       100%        6
 Spellforged Servitor     Conj/Summ      0%         N/A       100%        7

Inventory:

Hand Weapons
 a - a +3 sling
 c - a +2 dagger of venom (weapon)
 k - a +1 whip of draining
Missiles
 o - a curare-tipped dart {=f}
 q - 5 poisoned darts
Armour
 m - a +3 ring mail (worn)
 s - a +0 pair of gloves (worn)
 y - a +0 pair of boots (worn)
Magical Staves
 w - a staff of air
Jewellery
 F - a ring of fire
 N - a ring of positive energy (left hand)
Wands
 u - a wand of charming (13)
Scrolls
 e - a scroll of blinking
 g - 2 scrolls of teleportation {@r4}
 i - a scroll of fear {unknown}
 j - a scroll of immolation {unknown}
 l - 2 scrolls of identify {unknown}
 n - a scroll of magic mapping {unknown}
 r - 2 scrolls of fog {unknown}
 v - 2 scrolls of summoning {unknown}
Potions
 b - a potion of attraction {!q}
 d - a potion of heal wounds {@q2}
 f - 2 potions of lignification {!q}
 h - a potion of haste {@q3}
 p - a potion of might
 t - a potion of cancellation {unknown}
 x - a potion of degeneration {unknown}

Dungeon Overview and Level Annotations

Branches:
Dungeon (5/15)              Sewer (visited)
 Temple: D:4-7

Altars:
Nemelex Xobeh

#.............#
#....)........#
####'#######....
#...# .... #...#
#...# #..#####
#.o##..##
#.o@....#
##.{.....#
#...###'##
##..#....#
##..#....#
#...'....#
#...#....#
#####....#
######


You could see 2 orcs.


Message History

You are more poisoned.
The orc barely misses you.
You barely miss the orc.
You feel sick. The orc misses you. The orc hits you with a +0 long sword!
* * * LOW HITPOINT WARNING * * *
Unknown command.
You hit the orc.
The orc is lightly wounded.
You feel sick. The orc hits you but does no damage.
You are more poisoned.
The orc completely misses you.
You hit the orc.
The orc is poisoned.
The orc is heavily wounded.
You feel sick. The orc hits you but does no damage.
You are more poisoned.
Something hits you but does no damage.
You are lethally poisoned!
The orc hits you with a +0 long sword!
* * * LOW HITPOINT WARNING * * *
You hit the orc but do no damage.
The orc looks even sicker.
The orc is heavily wounded.
* * * LOW HITPOINT WARNING * * *
You feel very sick. The orc barely misses you. Something hits you.
* * * LOW HITPOINT WARNING * * *
You are more poisoned.
The orc hits you with a +0 long sword.
* * * LOW HITPOINT WARNING * * *
You feel yourself speed up.
You die...

Skill      XL: |  1  2  3  4  5  6  7 |
---------------+----------------------+-----
Stealth        | 1 2 3 |  3.7
Ranged Weapons | 4 5 6 |  6.1
Fighting       | 3 4 |  4.1
Throwing       | 1 2 |  2.3
Evocations     | 1 |  1.3
Dodging        | |  2.0
Spellcasting   | |  1.0
Translocations | |  2.0

Action                     |  1- 3 |  4- 6 |  7- 9 || total
---------------------------+-------+-------+-------++-------
  Melee: Whip              |       |       |     9 ||     9
         Dagger            |       |       |     5 ||     5
   Fire: Sling             |    83 |   109 |   113 ||   305
  Throw: Dart              |       |       |     1 ||     1
  Evoke: Wand              |       |       |     1 ||     1
    Use: Potion            |       |     7 |     2 ||     9
         Scroll            |       |       |     2 ||     2
 Armour: Leather armour    |     9 |       |       ||     9
         Skin              |       |    17 |       ||    17
         Ring mail         |       |    12 |    38 ||    50
  Dodge: Dodged            |    13 |    26 |    40 ||    79

Levels and vault maps discovered:
D:1:      onia_arrival_mini_spirals, layout_basic, serial_forest,
          infiniplex_forest_lined_1, infiniplex_forest_lined_room_2,
          infiniplex_forest_straight_2, infiniplex_forest_straight_3,
          infiniplex_forest_straight_2, infiniplex_forest_end_2
D:2:      layout_loops_cross, kennysheep_generic_room_3
D:3:      layout_loops_corners, mainiacjoe_overflow_alcove_2,
          portal_sewer_entry_c, uniq_grinder
D:4:      layout_rooms
D:5:      layout_gridville

Notes
Turn   | Place    | Note
-------+----------+-------------------------------------------
     0 | D:1      | Jeffwins the Human Wanderer began the quest for the Orb.
     0 | D:1      | Jeffwins set off with the following items: a +3 sling, a
                  | potion of attraction {!q}, a +0 robe; and the following
                  | spell memorised: Apportation; and the following spells
                  | available to memorise: Vhi's Electric Charge.
     0 | D:1      | Reached XP level 1. HP: 16/16 MP: 2/2
    97 | D:1      | Reached XP level 2. HP: 22/22 MP: 3/3
   338 | D:1      | Reached skill level 1 in Stealth
   536 | D:1      | Reached XP level 3. HP: 18/28 MP: 4/4
  1300 | D:2      | Reached XP level 4. HP: 34/34 MP: 5/5
  1540 | D:3      | Reached skill level 4 in Ranged Weapons
  1589 | D:3      | Found a glowing drain.
  1738 | Sewer    | Entered a sewer
  1801 | Sewer    | Noticed a kobold brigand
  1826 | Sewer    | Killed a kobold brigand
  1827 | Sewer    | Reached skill level 3 in Fighting
  1827 | Sewer    | Reached skill level 2 in Stealth
  1827 | Sewer    | Reached XP level 5. HP: 41/41 MP: 6/6
  2249 | D:3      | Noticed Grinder
  2249 | D:3      | Paralysed by Grinder for 4 turns
  2280 | D:3      | Killed Grinder
  2281 | D:3      | Reached skill level 5 in Ranged Weapons
  2281 | D:3      | Reached skill level 1 in Throwing
  2281 | D:3      | Reached skill level 3 in Stealth
  2281 | D:3      | Reached XP level 6. HP: 26/48 MP: 7/7
  2281 | D:3      | Reached XP level 7. HP: 29/53 MP: 8/8
  2572 | D:3      | Found a sparkling altar of Nemelex Xobeh.
  3614 | D:5      | Entered Level 5 of the Dungeon
  3718 | D:5      | Reached skill level 2 in Throwing
  3815 | D:5      | Reached skill level 1 in Evocations
  3849 | D:5      | Reached skill level 4 in Fighting
  3866 | D:5      | Reached skill level 6 in Ranged Weapons
  4282 | D:5      | HP: 5/54 [orc/+0 long sword (3)]
  4283 | D:5      | Succumbed to an orc wizard's poison

Vanquished Creatures
  Grinder (D:3)
  A kobold brigand (Sewer)
  2 scorpions (D:5)
  A jelly (D:5)
  2 orc priests (D:5)
  A hound (D:5)
  An orc wizard (D:5)
  3 adders
  3 river rats
  A worm (Sewer)
  4 dart slugs
  6 orcs
  12 ball pythons
  5 bats
  7 endoplasms
  4 giant cockroaches
  2 goblins (D:1)
  8 hobgoblins
  5 jackals
  2 frilled lizards
  11 kobolds
  14 rats
96 creatures vanquished.

Table legend: (Time is in decaauts)
 A = Elapsed time spent in this place.
 B = Non-inter-level travel time spent in this place.
 C = Inter-level travel time spent in this place.
 D = Time resting spent in this place.
 E = Time spent auto-exploring this place.
 F = Levels seen in this place.
 G = Mean time per level.
                   A        B        C        D        E       F      G
               +--------+--------+--------+--------+--------+-----+--------+
         Total |   4449 |   4372 |     77 |    320 |   3149 |   6 |  741.5 |
       Dungeon |   3844 |   3767 |     77 |    298 |   2817 |   5 |  768.8 |
         Sewer |    605 |    605 |      0 |     22 |    331 |   1 |  605.0 |
               +--------+--------+--------+--------+--------+-----+--------+

Top non-repeatable levels by time:
     D:3: 1153 daAuts
     D:1: 809 daAuts
     D:2: 727 daAuts
   Sewer: 605 daAuts
     D:5: 579 daAuts
     D:4: 575 daAuts

Table legend:
 A = Non-vault XP
 B = Vault XP
 C = Vault XP percentage of total XP
 D = Non-vault monster count
 E = Vault monster count
 F = Vault count percentage of total count
                 A         B        C        D         E       F
            +---------+---------+-------+---------+---------+-------
      Total |     527 |     454 |  46.3 |      71 |      25 |  26.0
            +---------+---------+-------+---------+---------+-------
        D:1 |      37 |       0 |   0.0 |      22 |       0 |   0.0
        D:2 |      34 |       1 |   2.9 |      13 |       1 |   7.1
        D:3 |      46 |     320 |  87.4 |      19 |       6 |  24.0
        D:4 |      29 |       0 |   0.0 |       7 |       0 |   0.0
        D:5 |     381 |       0 |   0.0 |      10 |       0 |   0.0
      Sewer |       0 |     133 | 100.0 |       0 |      18 | 100.0
            +---------+---------+-------+---------+---------+-------
